 Dungeon Crawl Stone Soup version 0.28.0-47-ge53b351184 (webtiles) character file.

Game seed: 969289200816181614

141 Exodus22XD the Skirmisher (level 5, 47/47 HPs)
             Began as a Minotaur Fighter on May 8, 2022.
             Was a Follower of Cheibriados.
             Quit the game on level 3 of the Dungeon.
             The game lasted 00:01:25 (1718 turns).

Exodus22XD the Skirmisher (Minotaur Fighter)        Turns: 1718, Time: 00:01:26

Health: 47/47      AC:  7    Str: 25    XL:     5   Next: 3%
Magic:  4/4        EV:  9    Int:  7    God:    Cheibriados [*.....]
Gold:   205        SH:  4    Dex: 11    Spells: 4/4 levels left

rFire   . . .      SeeInvis .   a - +0 war axe
rCold   . . .      Faith    .   c - +0 buckler
rNeg    . . .      Spirit   .   b - +0 scale mail
rPois   .          Reflect  .   (helmet restricted)
rElec   .          Harm     .   (no cloak)
rCorr   +          Rampage  .   (no gloves)
Will    .....                   (no boots)
Stlth   ..........              g - amulet of regeneration
HPRegen 0.95/turn               e - ring of resist corrosion
MPRegen 0.09/turn               (no ring)

@: very slow
A: horns 2, retaliatory headbutt
a: Renounce Religion, Bend Time


You were on level 3 of the Dungeon.
You worshipped Cheibriados.
Cheibriados was aware of your devotion.
You visited 1 branch of the dungeon, and saw 3 of its levels.

You collected 205 gold pieces.

Inventory:

Hand Weapons
 a - a +0 war axe (weapon)
Armour
 b - a +0 scale mail (worn)
 c - a +0 buckler (worn)
Jewellery
 e - a ring of resist corrosion (left hand)
 g - an amulet of regeneration (around neck)
Scrolls
 f - 2 scrolls of identify {unknown}
 i - a scroll of teleportation {unknown}
 j - a scroll of fog {unknown}
 k - a scroll of amnesia {unknown}
 m - 2 scrolls of fear {unknown}
Potions
 d - a potion of might
 h - a potion of mutation {unknown}
 l - a potion of cancellation {unknown}
 n - 2 potions of brilliance {unknown}


   Skills:
 + Level 4.6 Fighting
 + Level 4.5 Axes
 + Level 4.3 Armour
 + Level 4.3 Shields


You had 4 spell levels left.
You didn't know any spells.
Your spell library was empty.

Dungeon Overview and Level Annotations

Branches:
Dungeon (3/15)

Altars:
Cheibriados


Innate Abilities, Weirdness & Mutations

You have a pair of horns on your head.
You reflexively headbutt those who attack you in melee.


Message History

You hit the adder.
You kill the adder!
You have reached level 5!
No target in view!
You open the door.
Key pressed, stopping explore.
No target in view!
No target in view!
Key pressed, stopping explore.
No target in view!
Key pressed, stopping explore.
No target in view!
Key pressed, stopping explore.
No target in view!
Key pressed, stopping explore.
No target in view!
There is a huge open gate here.
Partly explored, can't reach some places.
No target in view!
Partly explored, can't reach some places.
No target in view!
Partly explored, can't reach some places.
No target in view!
There is a huge open gate here.
There is a huge open gate here.
There is a huge open gate here.
There is a faded altar of an unknown god here.
There is a huge open gate here.
There is a huge open gate here.
There is a faded altar of an unknown god here.
You cannot tell which god this altar belongs to.
Convert to them anyway?
Cheibriados accepts your prayer! Cheibriados welcomes you!
Cheibriados begins to support your attributes as your movement slows.
Cheibriados is now slowing the effects of poison on you.
You can now bend time to slow others.
Cheibriados raises the support of your attributes as your movement slows.
Unknown command.
Press < or > to pray at altars.
Are you sure you want to abandon this character and quit the game? (Confirm with "yes".)

#.#.# #.# #.....# #.... #.#.#
#.# ##...†########>.## #.#.#
#.# ##.#†...........# #.#.###.#
#.##########..## #.......#
######.## #.## ###.#####
#.......# #.# #.# #.'''''.# #.#
##.## #.'''''.# ##.##
#...#######.''@''.# ##...##
#.#.........'''''.# ##.#.#.#
#...#######.'''''.######.......
##### ###.............#.#.#
#.###............##
#.###.#########.## #.....# ###
#######


There were no monsters in sight!

Vanquished Creatures
  An orc wizard (D:3)
  4 adders
  3 worms
  3 orcs (D:3)
  5 bats
  7 endoplasms
  2 giant cockroaches
  5 goblins
  4 hobgoblins
  6 jackals
  4 quokkas
  5 ball pythons
  4 frilled lizards
  5 kobolds (D:3)
  7 rats
65 creatures vanquished.

Vanquished Creatures (others)
  5 plants (D:3)
5 creatures vanquished.

Grand Total: 70 creatures vanquished

Notes
Turn   | Place    | Note
-------+----------+-------------------------------------------
     0 | D:1      | Exodus22XD the Minotaur Fighter began the quest for the
                  | Orb.
     0 | D:1      | Reached XP level 1. HP: 19/19 MP: 0/0
   119 | D:1      | Reached XP level 2. HP: 27/27 MP: 1/1
   496 | D:2      | Reached XP level 3. HP: 33/33 MP: 2/2
   991 | D:3      | Reached XP level 4. HP: 32/41 MP: 3/3
  1524 | D:3      | Found a faded altar of an unknown god.
  1618 | D:3      | Reached XP level 5. HP: 47/47 MP: 4/4
  1717 | D:3      | Prayed at the altar of an unknown god.
  1717 | D:3      | Became a worshipper of Cheibriados the Contemplative
  1717 | D:3      | Reached * piety under Cheibriados
  1718 | D:3      | Quit the game

Illustrated notes

Levels and vault maps discovered:
D:1:      dpeg_arrival_simpleton_b, layout_rooms, grunt_decor_junction
D:2:      layout_basic, kennysheep_generic_room_15
D:3:      layout_loops_ring, hellmonk_ecumenical_altar_heavens_door,
          kennysheep_nondescript, lexackson_kobold_supper

Skill      XL: |  1  2  3  4 |
---------------+-------------+-----
Fighting       | 4 |  4.6
Shields        | 4 |  4.3
Armour         | 4 |  4.3
Axes           | 3 4 |  4.5

Action                   |  1- 3 |  4- 6 || total
-------------------------+-------+-------++-------
Melee: War axe           |    76 |    49 ||   125
       Headbutt          |     5 |     5 ||    10
Armor: Scale mail        |    36 |    25 ||    61
Dodge: Dodged            |    40 |    17 ||    57
Block: Buckler           |    20 |    11 ||    31
